 Dungeon Crawl Stone Soup version 0.30.1-11-g7821555f0a (webtiles) character file.

Game seed: 13799992075966296935

1077 fireball365 the Cleaver (level 8, -6/69 HPs)
             Began as a Hill Orc Fighter on Dec 10, 2023.
             Mangled by a yak (12 damage)
             ... on level 5 of the Dungeon.
             The game lasted 00:05:13 (3412 turns).

fireball365 the Cleaver (Hill Orc Fighter)          Turns: 3412, Time: 00:05:13

Health: -6/69      AC: 12    Str: 21    XL:     8   Next: 29%
Magic:  0/8        EV: 13    Int:  8    God:
Gold:   182        SH:  4    Dex: 10    Spells: 7/7 levels left

rFire   . . .        a - +0 war axe
rCold   . . .        c - +0 buckler
rNeg    . . .        D - +0 chain mail
rPois   .            z - +0 helmet
rElec   .            (no cloak)
rCorr   .            (no gloves)
SInv    .            y - +0 pair of boots
Will    .....        r - amulet of guardian spirit Stlth
                     j - +5 ring of evasion
HPRegen 0.31/turn    (no ring)
MPRegen 0.11/turn

%: guardian spirit
@: no status effects
A: no striking features
a: no special abilities


You were on level 5 of the Dungeon.
You visited 2 branches of the dungeon, and saw 6 of its levels.

You collected 182 gold pieces.

Inventory:

Hand Weapons
 a - a +0 war axe (weapon)
Missiles
 u - 4 poisoned darts (quivered)
Armour
 b - a +0 scale mail
 c - a +0 buckler (worn)
 y - a +0 pair of boots (worn)
 z - a +0 helmet (worn)
 D - a +0 chain mail (worn)
Jewellery
 j - a +5 ring of evasion (left hand)
 q - a ring of wizardry
 r - an amulet of guardian spirit (around neck)
Wands
 v - a wand of roots (7)
Scrolls
 g - a scroll of identify
 i - 2 scrolls of teleportation
 k - a scroll of enchant weapon {unknown}
 o - a scroll of torment {unknown}
 p - a scroll of fear {unknown}
 t - a scroll of amnesia {unknown}
 w - a scroll of vulnerability {unknown}
 B - 3 scrolls of immolation {unknown}
 C - a scroll of blinking {unknown}
Potions
 d - a potion of might
 e - 3 potions of magic
 f - a potion of curing
 h - a potion of attraction {unknown}
 l - a potion of berserk rage
 m - 2 potions of resistance {unknown}
 n - 3 potions of lignification
 s - a potion of cancellation {unknown}
 x - a potion of heal wounds {unknown}
 A - a potion of brilliance {unknown}


   Skills:
 + Level 5.5 Fighting
 + Level 8.9 Axes
 + Level 5.7 Armour
 + Level 1.7 Dodging
 + Level 0.4 Stealth
 + Level 4.5 Shields


You had 7 spell levels left.
You didn't know any spells.
Your spell library contained the following spells:

 Spells                   Type           Power      Damage    Failure   Level
 Sandblast                Erth           0%         2d4       98%         1
 Passwall                 Tmut/Erth      0%         N/A       99%         2
 Poisonous Vapours        Pois/Air       0%         N/A       99%         2
 Mephitic Cloud           Conj/Pois/Air  0%         N/A       100%        3
 Stone Arrow              Conj/Erth      0%         3d7       100%        3
 Animate Armour           Summ/Erth      0%         N/A       100%        4
 Freezing Cloud           Conj/Ice/Air   0%         6-21      100%        5
 Lehudib's Crystal Spear  Conj/Erth      0%         10d2      100%        8


Dungeon Overview and Level Annotations

Branches:
Dungeon (5/15)             Temple (1/1) D:4

Altars:
Cheibriados
Dithmenos
Elyvilon
Fedhas
Hepliaklqana
Kikubaaqudgha
Okawaru
Qazlal
Trog
Uskayaw
Vehumet
Wu Jian
Xom
Zin
The Shining One
Lugonu


Message History

The yak gores you but does no damage.
You barely miss the yak.
The yak is severely wounded.
You block the yak's attack.
You slash the yak!
You kill the yak!
You slash the yak!
The yak is moderately wounded.
The yak gores you but does no damage.
You barely miss the yak.
The yak is moderately wounded.
The yak closely misses you.
You barely miss the yak.
The yak is moderately wounded.
The yak barely misses you.
You slash the yak!
The yak is severely wounded.
You block the yak's attack.
You slash the yak!
The yak is almost dead.
The yak barely misses you.
You hit the yak but do no damage.
The yak is almost dead.
The yak barely misses you.
You barely miss the yak.
The yak is almost dead.
The yak gores you.
* * * LOW HITPOINT WARNING * * *
You hit the yak.
The yak is almost dead.
You block the yak's attack. The yak gores you but does no damage.
You barely miss the yak.
The yak is almost dead.
The yak closely misses you.
You closely miss the yak.
The yak is almost dead.
The yak gores you!
* * * LOW HITPOINT WARNING * * *
You feel better. The yak gores you!
You die...

###
#####.....
#<@Y......
##########


You could see a yak.

Vanquished Creatures
  Sigmund (D:2)
  4 yaks (D:5)
  A black bear (D:4)
  An orc priest (D:3)
  A hound (D:4)
  Jessica (D:2)
  An iguana (D:4)
  4 adders
  An ufetubus (D:4)
  A worm (D:2)
  A dart slug (D:4)
  9 orcs
  6 ball pythons
  5 bats
  4 endoplasms
  4 giant cockroaches
  5 goblins
  3 hobgoblins
  2 jackals (D:4)
  7 frilled lizards
  7 kobolds
  6 rats
75 creatures vanquished.

Notes
Turn   | Place    | Note
-------+----------+-------------------------------------------
     0 | D:1      | fireball365 the Hill Orc Fighter began the quest for the
                  | Orb.
     0 | D:1      | Reached XP level 1. HP: 19/19 MP: 1/1
     3 | D:1      | Noticed an electric eel
     4 | D:1      | Noticed an electric eel
   144 | D:1      | Reached XP level 2. HP: 26/27 MP: 2/2
   243 | D:1      | Reached skill level 3 in Axes
   549 | D:1      | Reached XP level 3. HP: 30/33 MP: 3/3
   911 | D:2      | Noticed Sigmund
   921 | D:2      | Killed Sigmund
   922 | D:2      | Reached skill level 5 in Axes
   922 | D:2      | Reached XP level 4. HP: 36/41 MP: 4/4
   922 | D:2      | Reached XP level 5. HP: 41/47 MP: 5/5
   971 | D:2      | Reached XP level 6. HP: 53/53 MP: 6/6
   975 | D:2      | Noticed Jessica
   986 | D:2      | Killed Jessica
   987 | D:2      | Reached skill level 6 in Axes
  1439 | D:3      | Reached skill level 1 in Dodging
  1558 | D:3      | Found a radiant altar of Vehumet.
  1558 | D:3      | Found a shimmering altar of Xom.
  1559 | D:3      | Found an iron altar of Okawaru.
  1560 | D:3      | Found a hazy altar of Hepliaklqana.
  1560 | D:3      | Found a hide-covered altar of Uskayaw.
  1817 | D:3      | Found a stormy altar of Qazlal.
  2858 | D:4      | Found a staircase to the Ecumenical Temple.
  2871 | Temple   | Entered the Ecumenical Temple
  2949 | D:4      | Noticed a black bear
  2958 | D:4      | Killed a black bear
  2959 | D:4      | Reached skill level 7 in Axes
  2959 | D:4      | Reached XP level 7. HP: 45/60 MP: 4/7
  3361 | D:5      | Entered Level 5 of the Dungeon
  3361 | D:5      | Noticed a yak
  3361 | D:5      | Noticed a yak
  3361 | D:5      | Noticed a yak
  3362 | D:5      | Noticed a yak
  3362 | D:5      | Noticed a yak
  3371 | D:5      | Killed a yak
  3372 | D:5      | Reached skill level 5 in Armour
  3379 | D:5      | Killed a yak
  3380 | D:5      | Reached skill level 5 in Fighting
  3380 | D:5      | Reached skill level 8 in Axes
  3391 | D:5      | Killed a yak
  3392 | D:5      | Reached XP level 8. HP: 34/69 MP: 5/8
  3401 | D:5      | Killed a yak
  3411 | D:5      | HP: 1/69 [yak (11)]
  3412 | D:5      | Mangled by a yak

Illustrated notes

Levels and vault maps discovered:
D:1:      arrival_aquarium_b, layout_rooms, minmay_misc_feat_five,
          corexii_hall_statues_s
D:2:      layout_loops_ring, uniq_sigmund, uniq_jessica
D:3:      layout_loops_ring, old_standard_altar, grunt_temple_overflow_open,
          serial_co_window_serial, co_window_corner_a, co_window_corner_a,
          co_window_corner_a, co_window_of_opportunity_a,
          co_window_of_opportunity_a, co_window_paths_b, co_window_paths_b,
          co_window_corner_cb, co_window_2corner, co_window_2corner,
          co_window_broadway_c, glass_columns_b, glass_columns_b,
          minmay_misc_feat_chi, feat_on_display
D:4:      layout_rooms, minmay_temple_entry_statues_fountains
D:5:      layout_basic, minivault_1, st_stairs_13
Temple:   corrupted_temple

Skill      XL: |  1  2  3  4  5  6  7 |
---------------+----------------------+-----
Axes           | 3 5 7 8 |  8.9
Fighting       | 4 5 |  5.5
Armour         | 4 5 |  5.7
Dodging        | 1 |  1.7
Shields        | 4 |  4.5
Stealth        | |  0.4

Action                     |  1- 3 |  4- 6 |  7- 9 || total
---------------------------+-------+-------+-------++-------
  Melee: War axe           |   106 |    89 |    67 ||   262
    Use: Scroll            |       |     5 |       ||     5
         Potion            |       |       |     1 ||     1
 Armour: Scale mail        |    66 |    42 |     5 ||   113
         Chain mail        |       |       |    10 ||    10
  Dodge: Dodged            |    90 |    71 |    36 ||   197
  Block: Buckler           |    35 |    30 |    20 ||    85
